 Dungeon Crawl Stone Soup version 0.23.0 (webtiles) character file.

Game seed: 12678372674770527333

79871 LostNumber the Corrupter of Planes (level 15, 0/130 HPs)
             Began as a Demonspawn Abyssal Knight on Feb 10, 2019.
             Was the Champion of Lugonu.
             Succumbed to an orange demon's poison
             ... on level 2 of the Orcish Mines.
             The game lasted 00:51:59 (30450 turns).

LostNumber the Corrupter of Planes (DsAK)          Turns: 30450, Time: 00:52:00

Health: 0/130      AC: 14    Str: 18    XL:     15   Next: 22%
Magic:  1/27       EV: 11    Int: 19    God:    Lugonu [******]
Gold:   1507       SH: 10    Dex: 12    Spells: 16/22 levels left

rFire    + . .     SeeInvis +   Q - +3 broad axe (elec)
rCold    + . .     Gourm    .   E - +2 buckler
rNeg     . . .     Faith    .   Y - +1 ring mail of Polish {rF+ Int+4 Slay+5 Stlth-}
rPois    .         Spirit   +   g - +1 helmet {SInv}
rElec    .         Reflect  +   I - +0 cloak
rCorr    .         Harm     .   y - +0 pair of gloves
MR       +++..                  (boots unavailable)
Stlth    ..........             p - +2 amulet of reflection
HPRegen  0.31/turn              P - ring "Okomm" {+Fly rC+ MR+}
MPRegen  0.20/turn              l - ring of protection from magic

@: lethally poisoned (0 -> -2), very slightly contaminated
A: talons 3, rugged brown scales 3, demonic guardian 2, magic shield
a: Depart the Abyss, Bend Space, Banish, Corrupt, Enter the Abyss, Brand Weapon
With Distortion, Renounce Religion, Evoke Flight


You were on level 2 of the Orcish Mines.
You worshipped Lugonu.
Lugonu was exalted by your worship.
You were not hungry.

You visited 3 branches of the dungeon, and saw 23 of its levels.
You visited the Abyss 1 time.
You visited 1 bazaar.
You also visited: Ossuary, Gauntlet and Volcano.

You collected 2287 gold pieces.
You spent 780 gold pieces at shops.

Inventory:

Hand Weapons
 A - a +2 flail of protection
   (You took it off Edmund on level 6 of the Dungeon)
 Q - a +3 broad axe of electrocution (weapon)
   (You found it in a Gauntlet)
Missiles
 f - 3 throwing nets (quivered) {!f}
Armour
 g - a +1 helmet of see invisible (worn)
   (You found it on level 15 of the Dungeon)
 y - a +0 pair of gloves (worn)
   (You found it on level 2 of the Lair of Beasts)
 E - a +2 buckler (worn)
   (You took it off a spriggan on level 6 of the Lair of Beasts)
 I - a +0 cloak (worn)
   (You took it off Crazy Yiuf on level 3 of the Dungeon)
 S - the +6 plate armour of the Ladybird {Dex+3}
   (You found it in a Gauntlet)

   It affects your dexterity (+3).
 T - a +1 shield of reflection
   (You found it in a Gauntlet)
 Y - the +1 ring mail of Polish (worn) {rF+ Int+4 Slay+5 Stlth-}
   (You found it in a Gauntlet)

   It affects your intelligence (+4).
   It affects your accuracy and damage with ranged weapons and melee attacks
   (+5).
   It protects you from fire.
   It makes you less stealthy.
Jewellery
 l - a ring of protection from magic (right hand)
   (You found it on level 8 of the Dungeon)
 o - an uncursed ring of protection from cold
   (You found it on level 1 of the Lair of Beasts)
 p - a +2 amulet of reflection (around neck)
   (You found it on level 2 of the Dungeon)
 P - the ring "Okomm" (left hand) {+Fly rC+ MR+}
   (You found it in a Gauntlet)

   [ring of flight]

   It protects you from cold.
   It affects your resistance to hostile enchantments.
   It lets you fly.
 W - the ring "Faalas" {rElec rC+++ MR- MP-9 Int+3}
   (You found it in a Gauntlet)

   [ring of intelligence]

   It affects your intelligence (+3).
   It renders you almost immune to cold.
   It insulates you from electricity.
   It affects your resistance to hostile enchantments.
   It affects your magic capacity (-9).
Wands
 c - a wand of disintegration (18)
   (You found it on level 5 of the Lair of Beasts)
 d - a wand of iceblast (23)
   (You found it on level 7 of the Dungeon)
 h - a wand of polymorph (16)
   (You found it on level 8 of the Dungeon)
 t - a wand of flame (29)
   (You found it on level 8 of the Dungeon)
 u - a wand of paralysis (47)
   (You found it on level 8 of the Dungeon)
 x - a wand of acid (4)
   (You found it on level 2 of the Lair of Beasts)
Scrolls
 k - 7 scrolls of blinking
 m - a scroll of fear
 r - 5 scrolls of teleportation {@r4}
 s - 15 scrolls of remove curse {@r2}
 z - 6 scrolls of identify {@r1}
 D - 5 scrolls of enchant armour
 G - 2 scrolls of vulnerability {!r}
 L - 3 scrolls of immolation {!r}
 N - a scroll of amnesia
Potions
 b - a potion of heal wounds {@q2}
 i - 4 potions of curing {@q1}
 j - 4 potions of agility
 n - 4 potions of haste {@q3}
 q - 3 potions of might
 v - 3 potions of invisibility
 w - 3 potions of mutation {!q}
 B - 2 potions of flight
 F - 2 potions of berserk rage
 H - 2 potions of resistance
 J - 5 potions of brilliance
 K - 2 potions of ambrosia
 M - 3 potions of lignification {!q}
Miscellaneous
 U - a lamp of fire
   (You found it in a Gauntlet)
Comestibles
 a - 2 chunks of flesh
 e - 34 rations {!d}


   Skills:
 + Level 12.7 Fighting
 * Level 15.2 Axes
 + Level 3.2 Armour
 + Level 1.2 Dodging
 + Level 9.2 Shields
 + Level 4.4 Spellcasting
 - Level 16.0 Invocations
 - Level 3.8 Evocations


You had 16 spell levels left.
You knew the following spells:

 Your Spells              Type           Power        Failure   Level  Hunger
a - Confusing Touch       Hex            #.....       22%         1    None
f - Borgnjor's Vile Clut  Necr/Erth      #.........   99%         5    ######.

Your spell library contained the following spells:

 Spells                   Type           Power        Failure   Level  Hunger
 Animate Skeleton         Necr           N/A          22%         1    None
 Apportation              Tloc           #.....       22%         1    None
 Beastly Appendage        Tmut           #.....       22%         1    None
 Freeze                   Ice            #...         22%         1    None
 Shock                    Conj/Air       #...         22%         1    None
 Summon Butterflies       Summ           #.......     22%         1    None
 Summon Small Mammal      Summ           #...         22%         1    None
 Poisonous Vapours        Pois/Air       #.....       34%         2    #......
 Sticks to Snakes         Tmut           #.......     34%         2    #......
 Swiftness                Chrm/Air       #.......     34%         2    #......
 Throw Frost              Conj/Ice       #.....       34%         2    #......
 Conjure Flame            Conj/Fire      #.......     56%         3    ###....
 Lesser Beckoning         Tloc           #.........   56%         3    ###....
 Mephitic Cloud           Conj/Pois/Air  #.......     56%         3    ###....
 Ozocubu's Armour         Chrm/Ice       #.......     56%         3    ###....
 Recall                   Summ/Tloc      N/A          56%         3    ###....
 Spider Form              Tmut/Pois      #.........   56%         3    ###....
 Static Discharge         Conj/Air       #.......     56%         3    ###....
 Tukima's Dance           Hex            #.......     56%         3    ###....
 Airstrike                Air            #.........   92%         4    ####...
 Animate Dead             Necr           N/A          92%         4    ####...
 Ice Form                 Ice/Tmut       #.......     92%         4    ####...
 Summon Ice Beast         Ice/Summ       #.......     92%         4    ####...
 Throw Icicle             Conj/Ice       #.......     92%         4    ####...
 Alistair's Intoxication  Tmut/Pois      #.......     99%         5    ######.
 Blade Hands              Tmut           #.........   99%         5    ######.
 Lightning Bolt           Conj/Air       #.........   99%         5    ######.
 Death Channel            Necr           #.........   100%        6    #######
 Freezing Cloud           Conj/Ice/Air   #.........   100%        6    #######
 Invisibility             Hex            #.......     100%        6    #######
 Simulacrum               Ice/Necr       #.........   100%        6    #######
 Ring of Flames           Chrm/Fire      #.........   100%        7    #######


Dungeon Overview and Level Annotations

Branches:
Dungeon (15/15)            Temple (0/1) D:7            Lair (6/6) D:8
  Swamp (0/4) Lair:2       Spider (0/4) Lair:4        Slime (0/5) Lair:6
    Orc (2/2) D:11         Vaults (0/5) D:13         Depths (0/5) D:15
    Elf: Orc:2

Altars:
Ashenzari
Dithmenos
Nemelex Xobeh

Shops:
D:5 =   D:12 }

Annotations:
D:11 1 runed translucent door, feta's ghost, journeyman FoFi
Lair:6 exclusion: 2 oklob plants


Innate Abilities, Weirdness & Mutations

You have claws for feet.
You are completely covered in rugged brown scales. (AC +3, +7% HP)
A demonic guardian rushes to your aid.
When hurt, damage is shared between your health and your magic reserves.


Message History

a +0 trident; a +0 ring mail; an orc corpse Unknown command.
You barely miss the orc warrior.
Your ice devil barely misses the orc priest.
The orc priest hits your ice devil but does no damage.
The orc warrior hits you with a +0 trident!
* * * LOW HITPOINT WARNING * * *
You slash the orc warrior!
Lightning courses through the orc warrior!
You feel sick.
The orc warrior completely misses your ice devil.
Your ice devil hits the orc priest!
The orc priest dies!
Lugonu accepts your kill.
The orc warrior hits you with a +0 trident!
* * * LOW HITPOINT WARNING * * *
You hit the orc warrior. You claw the orc warrior.
You feel sick.
The stone giant barely misses your smoke demon.
The orc warrior hits your ice devil but does no damage.
Your ice devil hits the orc warrior but does no damage.
The orc barely misses your smoke demon.
The orc warrior hits you with a +0 trident.
* * * LOW HITPOINT WARNING * * *
Unknown command.
Your smoke demon gestures at the orc warrior.
The sticky flame hits the orc warrior but does no damage.
The orc warrior is covered in liquid flames!
Your ice devil hits the stone giant.
Your ice devil freezes the stone giant!!
The orc hits your smoke demon but does no damage.
Things that are here:
a +0 short sword x2; an orc corpse Unknown command.
You feel sick.
The orc warrior burns!
The orc warrior hits your smoke demon with a +0 trident!
Your smoke demon dies!
Your ice devil hits the stone giant but does no damage.
Unknown command.
The orc warrior burns!
The orc warrior dies!
Lugonu accepts your kill.
The stone giant throws a large rock.
The large rock hits you!!
* * * LOW HITPOINT WARNING * * *
Your ice devil hits the orc.
Your ice devil freezes the orc!
The orc dies!
Lugonu accepts your kill.
Blink to where?
You are very lightly contaminated with residual magic.
As you read the scroll of blinking, it crumbles to dust.
You die...

##.#........# #..)......
#...........# +ยง.4....#.
...........## ##).)......
#.##.......#####..........
#..#.....................#
#.#...#...................
#..#.#....................
.##+##.........................
................@#####..#......
##.....#........## ##.......
##.........##..# ....#.
###.......#...# .#.#
##..........# ##....#.....#
#####......##.... ##...O
.......##.##.##. ....<
####....###.... ..#.


There were no monsters in sight!

Vanquished Creatures
  An orc warlord (Orc:2)
  A stone giant (Volcano)
  Azrael (D:14)
  A yaktaur captain (D:15)
  Harold (Lair:1)
  4 centaur warriors
  8 two-headed ogres
  A tengu warrior (D:15)
  An orc high priest (Orc:2)
  Urug (Lair:1)
  A fire crab (shapeshifter) (D:15)
  2 unseen horrors
  An unseen horror (shapeshifter) (D:13)
  A phantasmal warrior (D:13)
  9 ugly things
  3 manticores
  4 cyclopes
  3 elephants (Lair:3)
  3 centaur zombies
  An ice statue (Gauntlet)
  5 black mambas
  2 centaur skeletons (D:14)
  A molten gargoyle (Volcano)
  3 gargoyles
  A rime drake (Lair:6)
  4 spiny frogs
  A freezing wraith (D:15)
  8 komodo dragons
  4 trolls
  2 yaktaurs (D:15)
  6 polar bears (Lair:6)
  4 hornets
  A hippogriff (shapeshifter) (D:13)
  A meliai zombie (Gauntlet)
  16 blink frogs
  A slime creature (D:15)
  11 hippogriffs
  A tarantella (Lair:4)
  A flying skull (Gauntlet)
  12 spriggans
  A shadow (D:14)
  A vampire (D:13)
  8 wyverns
  6 fire elementals
  A human (D:9)
  5 fire bats (Volcano)
  A hog (shapeshifter) (D:15)
  A hog (D:9)
  39 yaks
  3 basilisks
  A hungry ghost (D:11)
  A warg (Orc:1)
  A vampire mosquito (D:15)
  A soldier ant (D:8)
  2 swamp worms (Lair:2)
  2 acid dragons
  2 hell hounds (D:14)
  10 water moccasins
  6 porcupines
  4 ice beasts
  11 orc warriors
  7 sky beasts
  6 phantoms
  5 black bears
  3 eyes of draining
  5 ogres
  13 wolves (Lair:6)
  4 boggarts (Lair:6)
  12 centaurs
  7 crocodiles
  5 big kobolds
  A wyvern zombie (D:12)
  19 bullfrogs
  An earth elemental (Volcano)
  2 water moccasin zombies (Ossuary)
  5 scorpions
  2 wyvern skeletons
  4 killer bees (D:11)
  5 wights (D:12)
  3 howler monkeys
  2 electric eels
  A bullfrog zombie (D:12)
  8 lava snakes (Volcano)
  4 crimson imps
  4 quasits
  4 bullfrog skeletons
  12 orc priests
  5 hounds
  4 jellies
  Jessica (D:3)
  4 iguanas
  19 orc wizards
  12 worker ants
  3 big kobold zombies (Ossuary)
  2 mummies (Ossuary)
  2 worker ant zombies
  A howler monkey zombie (D:5)
  4 gnolls (D:8)
  15 adders
  3 shadow imps
  8 white imps (Lair:2)
  7 adder zombies
  2 adder skeletons (D:9)
  2 worms (D:2)
  3 dart slugs (D:2)
  8 leopard geckos
  78 orcs
  8 bats
  8 giant cockroaches
  12 goblins
  8 hobgoblins
  14 jackals
  26 kobolds
  6 quokkas
  4 frilled lizards
  A gnoll zombie (Ossuary)
  6 hobgoblin zombies (Ossuary)
  6 kobold zombies (Ossuary)
  2 leopard gecko skeletons
  7 orc zombies (Ossuary)
  A quokka skeleton (D:4)
  7 rats
  A butterfly (D:7)
  6 fungi
  7 plants
697 creatures vanquished.

Vanquished Creatures (collateral kills)
  A minotaur (Gauntlet)
  Erolcha (D:10)
  A death knight (D:14)
  6 hydras
  2 centaur warriors
  A death drake (Gauntlet)
  A spectral wolf spider (Gauntlet)
  A wolf spider (Lair:5)
  2 centaur zombies (Gauntlet)
  An ugly thing (D:14)
  3 black mambas
  2 spiny frogs
  A centaur skeleton (D:11)
  A gargoyle (Volcano)
  An efreet (Volcano)
  2 rime drakes (Gauntlet)
  A komodo dragon (Lair:5)
  A yaktaur (D:15)
  A tengu conjurer (D:12)
  2 polar bears (Lair:6)
  4 hornets
  7 blink frogs
  3 hippogriffs
  3 flying skulls (Gauntlet)
  8 spriggans
  A wraith (D:10)
  A hog (D:9)
  5 yaks
  3 basilisks
  Edmund (D:6)
  A porcupine (Lair:2)
  A sky beast (D:7)
  3 orc warriors
  A black bear (D:7)
  2 ogres
  8 wolves (Lair:6)
  A centaur (D:15)
  An electric eel (Lair:1)
  2 orc priests
  Crazy Yiuf (D:3)
  A worker ant (D:5)
  2 orc wizards
  3 adders
  4 white imps (Lair:2)
  A leopard gecko (D:7)
  11 orcs
  A frilled lizard (D:5)
  A plant (Lair:6)
113 creatures vanquished.

Vanquished Creatures (others)
  An ettin (D:13)
  2 cyclopes
  A spiny frog (Lair:1)
  A shadow (D:13)
  An orc warrior (D:6)
  A centaur (D:15)
  16 fungi
  15 plants
38 creatures vanquished.

Grand Total: 848 creatures vanquished

Notes
Turn   | Place    | Note
-------+----------+-------------------------------------------
     0 | Abyss:1  | LostNumber the Demonspawn Abyssal Knight began the quest
                  | for the Orb.
     0 | Abyss:1  | Reached XP level 1. HP: 18/18 MP: 2/2
    17 | Abyss:1  | Found an ancient bone altar of Kikubaaqudgha.
    32 | Abyss:1  | Noticed a smoke demon
    33 | D:1      | Escaped the Abyss
   327 | D:1      | Gained mutation: You are partially covered in rugged brown
                  | scales. (AC +1, +3% HP) [demonic ancestry]
   327 | D:1      | Reached XP level 2. HP: 15/24 MP: 4/4
   457 | D:1      | Reached * piety under Lugonu
  1274 | D:2      | Reached skill level 3 in Invocations
  1285 | D:2      | Gained mutation: When hurt, damage is shared between your
                  | health and your magic reserves. [demonic ancestry]
  1285 | D:2      | Reached XP level 3. HP: 22/29 MP: 5/5
  1766 | D:2      | Noticed an ogre
  2311 | D:3      | Noticed Jessica
  2316 | D:3      | Killed Jessica
  2316 | D:3      | Gained mutation: A weak demonic guardian rushes to your
                  | aid. [demonic ancestry]
  2316 | D:3      | Reached XP level 4. HP: 33/37 MP: 4/6
  2322 | D:3      | Reached ** piety under Lugonu
  2830 | D:3      | Reached skill level 4 in Invocations
  2851 | D:3      | Gained mutation: You have sharp toenails. [demonic
                  | ancestry]
  2851 | D:3      | Reached XP level 5. HP: 9/43 MP: 3/8
  3109 | D:3      | Found a shadowy altar of Dithmenos.
  3204 | D:3      | Found a runed translucent door.
  3205 | D:3      | Noticed Crazy Yiuf
  3244 | D:3      | Killed Crazy Yiuf
  3558 | D:4      | Noticed a phantom
  3619 | D:4      | Killed a phantom
  3619 | D:4      | Gained mutation: You are mostly covered in rugged brown
                  | scales. (AC +2, +5% HP) [demonic ancestry]
  3619 | D:4      | Reached XP level 6. HP: 9/50 MP: 5/9
  4207 | D:4      | Reached skill level 5 in Invocations
  4732 | D:2      | Reached skill level 5 in Axes
  4777 | D:5      | Entered Level 5 of the Dungeon
  4783 | D:5      | Reached XP level 7. HP: 57/57 MP: 9/11
  4921 | D:5      | Reached *** piety under Lugonu
  4921 | D:5      | Reached skill level 5 in Fighting
  5342 | D:5      | Reached skill level 6 in Invocations
  5756 | D:5      | Gained mutation: A demonic guardian rushes to your aid.
                  | [demonic ancestry]
  5756 | D:5      | Reached XP level 8. HP: 14/66 MP: 8/12
  6296 | D:5      | Found Xeuluc's Jewellery Emporium.
  6528 | D:6      | Noticed Edmund
  6537 | D:6      | Killed Edmund
  6537 | D:6      | Reached skill level 7 in Invocations
  7242 | D:6      | Found a sparkling altar of Nemelex Xobeh.
  7355 | D:7      | Noticed a hippogriff
  7359 | D:7      | Killed a hippogriff
  7393 | D:7      | Reached XP level 9. HP: 65/74 MP: 11/14
  7409 | D:7      | Reached skill level 8 in Invocations
  7519 | D:7      | Reached **** piety under Lugonu
  7959 | D:7      | Found a staircase to the Ecumenical Temple.
  8093 | D:8      | Found a sand-covered staircase.
  8101 | Ossuary  | Entered an ossuary
  8328 | D:8      | Found a staircase to the Lair.
  8470 | D:8      | Reached skill level 9 in Invocations
  9067 | D:8      | Reached skill level 1 in Evocations
  9459 | D:8      | Noticed Maurice
  9460 | D:8      | Noticed Maurice
  9460 | D:8      | Maurice changed into Maurice the soldier ant
  9488 | D:8      | Killed Maurice the soldier ant
 10105 | Lair:1   | Entered Level 1 of the Lair of Beasts
 10319 | Lair:2   | Found a gate leading to a gauntlet.
 10325 | Gauntlet | Entered a Gauntlet
 10325 | Gauntlet | Found a transporter.
 10325 | Gauntlet | Found a transporter.
 10329 | Gauntlet | Found a transporter.
 10329 | Gauntlet | Noticed a smoke demon
 10336 | Gauntlet | Found a transporter.
 10346 | Gauntlet | Found a transporter.
 10350 | Gauntlet | Found a transporter.
 10408 | Gauntlet | Gained mutation: You are completely covered in rugged brown
                  | scales. (AC +3, +7% HP) [demonic ancestry]
 10408 | Gauntlet | Reached XP level 10. HP: 59/85 MP: 12/17
 10604 | Gauntlet | Found a transporter.
 10629 | Gauntlet | Found a transporter.
 10629 | Gauntlet | Noticed an ice statue
 10646 | Gauntlet | Noticed a spectral wolf spider
 10655 | Gauntlet | Killed an ice statue
 10670 | Gauntlet | Noticed a manticore
 10688 | Gauntlet | Noticed a salamander
 10688 | Gauntlet | a spriggan changed into a salamander
 10750 | Gauntlet | Noticed an orb spider
 10813 | Gauntlet | Noticed a manticore
 10829 | Gauntlet | Noticed an elephant
 10829 | Gauntlet | a manticore changed into an elephant
 10831 | Gauntlet | Found a transporter.
 10832 | Gauntlet | Found a transporter.
 10840 | Gauntlet | Noticed a death drake
 10840 | Gauntlet | Found a transporter.
 10854 | Gauntlet | Reached ***** piety under Lugonu
 10854 | Gauntlet | Reached skill level 10 in Invocations
 10857 | Gauntlet | Reached skill level 10 in Axes
 10862 | Gauntlet | Killed a spectral wolf spider
 10868 | Gauntlet | Killed a death drake
 11077 | Gauntlet | Found a transporter.
 11079 | Gauntlet | Got a shimmering bronze ring
 11100 | Gauntlet | Noticed a minotaur
 11108 | Gauntlet | Killed a minotaur
 11119 | Gauntlet | Got a warped plate armour
 11124 | Gauntlet | Got an ancient golden ring
 11274 | Gauntlet | Got a bloodstained ring mail
 11283 | Gauntlet | Got a bloodstained flail
 11314 | Gauntlet | Identified the +1 ring mail of Polish {rF+ Int+4 Slay+5
                  | Stlth-} (You found it in a Gauntlet)
 11324 | Gauntlet | Identified the +6 plate armour of the Ladybird {Dex+3} (You
                  | found it in a Gauntlet)
 11348 | Gauntlet | Identified the ring "Faalas" {rElec rC+++ MR- MP-9 Int+3}
                  | (You found it in a Gauntlet)
 11351 | Gauntlet | Identified the ring "Okomm" {+Fly rC+ MR+} (You found it in
                  | a Gauntlet)
 11481 | Lair:1   | Noticed a spiny frog
 11482 | Lair:1   | Banished a spiny frog
 11526 | Lair:1   | Reached skill level 1 in Shields
 11652 | Lair:1   | Noticed Urug
 11671 | Lair:1   | Killed Urug
 11671 | Lair:1   | Reached XP level 11. HP: 30/93 MP: 2/19
 12258 | Lair:1   | Got a twisted hand crossbow
 12361 | Lair:1   | Noticed Harold
 12368 | Lair:1   | Killed Harold
 12368 | Lair:1   | Reached skill level 11 in Invocations
 13259 | Lair:2   | Found a staircase to the Swamp.
 14945 | Lair:3   | Reached skill level 12 in Invocations
 15404 | Lair:3   | Reached XP level 12. HP: 100/103 MP: 12/21
 15924 | Lair:3   | Learned a level 1 spell: Confusing Touch
 15957 | Lair:4   | Reached skill level 10 in Fighting
 16131 | Lair:4   | Found a hole to the Spider Nest.
 16174 | Lair:4   | Reached skill level 1 in Spellcasting
 16472 | Lair:4   | Noticed an eight-headed hydra
 16478 | Lair:4   | Killed an eight-headed hydra
 16478 | Lair:4   | Reached skill level 5 in Shields
 17596 | Lair:6   | Entered Level 6 of the Lair of Beasts
 17598 | Lair:6   | Noticed a six-headed hydra
 17626 | Lair:6   | Killed a six-headed hydra
 17668 | Lair:6   | Reached skill level 13 in Invocations
 17689 | Lair:6   | Found a dark tunnel.
 17983 | Volcano  | Entered a volcano
 18009 | Volcano  | Reached ****** piety under Lugonu
 18272 | Volcano  | Noticed a stone giant
 18298 | Volcano  | Killed a stone giant
 18315 | Volcano  | HP: 4/105 [gargoyle/stone arrow (16)]
 18686 | Volcano  | Found a radiant altar of Vehumet.
 18969 | Lair:6   | Gained mutation: You have razor-sharp toenails. [demonic
                  | ancestry]
 18969 | Lair:6   | Reached XP level 13. HP: 54/112 MP: 10/23
 21314 | Lair:6   | Reached skill level 14 in Invocations
 21850 | D:9      | Got a twisted hunting sling
 21996 | D:10     | Entered Level 10 of the Dungeon
 22150 | D:10     | Noticed Erolcha
 22155 | D:10     | Killed Erolcha
 22865 | D:11     | Found a staircase to the Orcish Mines.
 22916 | D:11     | Found a flickering gateway to a bazaar.
 22961 | Bazaar   | Entered a bazaar
 22981 | Bazaar   | Found Suc Gimn's Book Shop.
 23001 | Bazaar   | Found Calimnio's Gadget Shop.
 23029 | Bazaar   | Bought a book of Unlife for 780 gold pieces
 23263 | D:11     | Gained mutation: You have claws for feet. [demonic
                  | ancestry]
 23263 | D:11     | Reached XP level 14. HP: 88/121 MP: 18/24
 23386 | D:11     | Found a runed translucent door.
 23479 | D:11     | Identified the +6 trident "Eviscerator" {elec, rC+ rN+ MR+
                  | Dex+6}
 23482 | D:11     | Noticed feta's ghost (journeyman FoFi)
 23643 | D:12     | Found Cimo's Gadget Shop.
 24553 | D:12     | Noticed a frost giant
 24996 | D:13     | Reached skill level 15 in Invocations
 25493 | D:13     | Found a gate to the Vaults.
 26536 | D:14     | Noticed Azrael
 26553 | D:14     | Killed Azrael
 26688 | D:14     | Found a shattered altar of Ashenzari.
 27355 | D:15     | Entered Level 15 of the Dungeon
 27753 | D:15     | Reached skill level 16 in Invocations
 27833 | D:15     | Found a shadowy altar of Dithmenos.
 28606 | D:15     | Reached XP level 15. HP: 100/130 MP: 25/27
 28609 | D:15     | Reached skill level 15 in Axes
 28926 | D:15     | Learned a level 5 spell: Borgnjor's Vile Clutch
 29236 | D:15     | Found a staircase to the Depths.
 29236 | D:15     | Noticed a fire giant
 29597 | Orc:1    | Entered Level 1 of the Orcish Mines
 29784 | Orc:2    | Entered Level 2 of the Orcish Mines
 30205 | Orc:2    | Noticed an orc warlord
 30229 | Orc:2    | Killed an orc warlord
 30229 | Orc:2    | Reached skill level 1 in Dodging
 30449 | Orc:2    | HP: 1/130 [stone giant/large rock (22)]
 30450 | Orc:2    | Succumbed to an orange demon's poison

Skill      XL: |  1  2  3  4  5  6  7  8  9 10 11 12 13 14 15 |
---------------+----------------------------------------------+-----
Axes           | 2 3 4 5 6 7 9 10 12 13 14 15 | 15.2
Invocations    | 3 4 5 6 7 9 10 12 13 14 16 | 16.0
Fighting       | 4 5 6 7 8 9 10 11 12 | 12.7
Evocations     | 2 3 |  3.8
Shields        | 1 4 6 7 9 |  9.2
Spellcasting   | 3 4 |  4.4
Armour         | 2 3 |  3.2
Dodging        | 1 |  1.2

Action                   |  1- 3 |  4- 6 |  7- 9 | 10-12 | 13-15 || total
-------------------------+-------+-------+-------+-------+-------++-------
Melee: Hand axe          |   123 |    24 |    42 |       |       ||   189
       Dagger            |       |   127 |   129 |       |       ||   256
       Kick              |       |    29 |   156 |    99 |   135 ||   419
       Flail             |       |       |   394 |    45 |       ||   439
       Broad axe         |       |       |       |   344 |   834 ||  1178
Invok: Depart the Abyss  |     1 |       |       |       |       ||     1
       Bend Space        |       |       |     2 |     1 |       ||     3
       Banish            |       |       |     1 |     2 |     2 ||     5
Evoke: Wand              |       |       |     1 |       |     1 ||     2
  Use: Scroll            |     4 |       |     6 |    14 |    11 ||    35
       Potion            |     1 |       |       |    13 |     2 ||    16
 Stab: Sleeping          |     3 |     1 |       |       |       ||     4
       Distracted        |       |       |       |     3 |     1 ||     4
       Paralysed         |       |       |       |       |     2 ||     2
  Eat: Chunk             |     4 |     8 |     9 |    20 |    37 ||    78
       Ration            |       |       |     3 |     2 |     1 ||     6
Armor: Leather armour    |    45 |    32 |    44 |       |       ||   121
       Ring mail         |       |       |   253 |   174 |   293 ||   720
Dodge: Dodged            |    97 |    73 |   286 |   167 |   329 ||   952
Block: Other             |       |    11 |    25 |    23 |     4 ||    63
       Reflection        |       |       |     1 |       |    47 ||    48
       Buckler           |       |       |       |       |   354 ||   354
